 Dungeon Crawl Stone Soup version 0.22.0-49-gab54619674 (webtiles) character file.

253 Riddle the Ducker (level 5, 0/20 HPs)
             Began as a Felid Chaos Knight on Sept 9, 2018.
             Slain by Pikel
             ... wielding a +2 whip of freezing
              (7 damage)
             ... on level 5 of the Dungeon.
             The game lasted 00:13:23 (6011 turns).

Riddle the Ducker (Felid Chaos Knight)              Turns: 6011, Time: 00:13:26

Health: 0/20       AC:  1    Str:  8    XL:     5   Next: 90%
Magic:  6/6        EV: 19    Int: 14    God:    Xom [..*...]
Gold:   222        SH:  0    Dex: 16    Spells: 4/4 levels left
                                        Lives:  0   Deaths: 1

rFire    . . .     SeeInvis +     - Unarmed
rCold    . . .     Gourm    .   (shield unavailable)
rNeg     . . .     Faith    .   (armour unavailable)
rPois    .         Spirit   .   (helmet unavailable)
rElec    .         Reflect  .   (cloak unavailable)
rCorr    .         Harm     .   (gloves unavailable)
MR       .....                  (boots unavailable)
Stlth    +++.......             (no amulet)
HPRegen  0.06/turn              (no ring)
MPRegen  0.10/turn              (no ring)

@: drained, quick
A: very small, no armour, no weapons or thrown items, stealth, antennae 1, claws
1, fangs 3, see invisible, carnivore, deterioration 1, speed 1, frail 2, high mp
1, screaming 2, shaggy fur 1, slow metabolism 1, subdued magic 1, sharp paws
a: Renounce Religion


You were on level 5 of the Dungeon.
You worshipped Xom.
You were a toy of Xom.
You were very full.

You visited 1 branch of the dungeon, and saw 5 of its levels.

You collected 222 gold pieces.

Inventory:

Wands
 p - a wand of flame (26)
Scrolls
 b - 7 scrolls of identify {unknown}
 c - a scroll of teleportation {unknown}
 d - 3 scrolls of enchant weapon {unknown}
 i - a scroll of magic mapping {unknown}
 j - a scroll of blinking {unknown}
 k - a scroll of random uselessness {unknown}
 l - a scroll of remove curse {unknown}
 r - a scroll of amnesia {unknown}
Potions
 e - a potion of haste {unknown}
 f - a potion of might {unknown}
 g - a potion of degeneration {unknown}
 h - 2 potions of heal wounds {unknown}
 m - a potion of lignification {unknown}
 n - a potion of curing {unknown}
 o - a potion of agility {unknown}
 q - a potion of brilliance {unknown}
Comestibles
 a - 9 rations


   Skills:
 + Level 4.3(3.3) Fighting
 + Level 5.0(4.0) Dodging
 + Level 4.3(3.3) Stealth
 + Level 4.2(3.2) Unarmed Combat


You had 4 spell levels left.
You didn't know any spells.
Your spell library was empty.

Dungeon Overview and Level Annotations

Branches:
Dungeon (5/15)
 Temple: D:4-7

Altars:
Okawaru
Wu Jian
Xom

Annotations:
D:5 Pikel


Innate Abilities, Weirdness & Mutations

You cannot wear armour.
You are incapable of wielding weapons or throwing items.
Your paws allow you to move quietly. (Stealth)
You have sharp claws.
You have razor-sharp teeth.
You have supernaturally acute eyesight. (SInv)
You are carnivorous and can eat meat at any time.
You cover ground quickly.
You are covered in fur. (AC +1)
You have a slow metabolism.
Your sharp claws are effective at attacking unaware monsters.
You have a pair of small antennae on your head.
Your body sometimes deteriorates upon taking damage.
You are very frail. (-20% HP)
You have an increased reservoir of magic. (+10% MP)
You sometimes yell uncontrollably at your foes.
Your spells are a little easier to cast, but a little less powerful.


Message History

You closely miss the slave. The slave completely misses you.
You start waiting.
Pikel is too close now for your liking.
Pikel is nearby!
Pikel closely misses you.
You scratch Pikel.
Pikel is lightly wounded.
You barely miss Pikel. Your bite misses Pikel.
Pikel is lightly wounded.
Pikel barely misses you.
You barely miss Pikel.
Pikel is lightly wounded.
Pikel completely misses you.
You miss Pikel.
Pikel is lightly wounded.
Pikel hits you with a whip of freezing!
Ouch! That really hurt!
Pikel freezes you!
You die...
Xom laughs nastily!

#.......# #
#.#####.# .#
#....##.##..#
###...........#
#....#...<#.....
#.#######.# .#.
###.........#
#............
#@#########.#.
#K#{.$..#####.#
#p..#{....... .
#####pK######
...p. ##..p...
..p.##.# ....# #
....#


You could see Pikel and a slave.

Vanquished Creatures
  2 hounds (D:4)
  A howler monkey skeleton (D:3)
  6 adders
  3 oozes
  An adder skeleton (D:4)
  3 worms
  3 dart slugs
  9 orcs
  6 ball pythons
  5 giant cockroaches
  11 hobgoblins
  6 jackals
  3 quokkas (D:3)
  10 bats
  5 frilled lizards
  14 goblins
  8 kobolds
  7 rats
103 creatures vanquished.

Vanquished Creatures (collateral kills)
  An orc priest (D:3)
  An orc wizard (D:3)
  3 orcs (D:3)
  2 jackals (D:3)
7 creatures vanquished.

Grand Total: 110 creatures vanquished

Notes
Turn   | Place    | Note
-------+----------+-------------------------------------------
     0 | D:1      | Riddle the Felid Chaos Knight began the quest for the Orb.
     0 | D:1      | Reached XP level 1. HP: 10/10 MP: 2/2
   171 | D:1      | XOM: harmless Necr miscast
   227 | D:1      | Reached skill level 1 in Stealth
   232 | D:1      | Reached XP level 2. HP: 13/14 MP: 3/3
   365 | D:1      | XOM: potion effect (might)
   398 | D:1      | XOM is BORED!
   398 | D:1      | XOM: medium Chrm miscast
   837 | D:1      | Reached XP level 3. HP: 17/17 MP: 4/4
  1094 | D:1      | XOM: noise
  1174 | D:1      | XOM: mild Tloc miscast
  1453 | D:1      | XOM: give mutations
  1453 | D:1      | Gained mutation: You occasionally shout uncontrollably at
                  | your foes. [Xom's mischief]
  1453 | D:1      | Gained mutation: You are frail. (-10% HP) [Xom's mischief]
  1453 | D:1      | Gained mutation: Your body sometimes deteriorates upon
                  | taking damage. [Xom's mischief]
  1453 | D:1      | Gained mutation: You are very frail. (-20% HP) [Xom's
                  | mischief]
  1489 | D:2      | XOM: enchant monster (good)
  1521 | D:2      | XOM: god gift: battleaxe {god gift}
  1584 | D:2      | XOM: 1-stop teleportation journey
  1693 | D:2      | Reached skill level 4 in Dodging
  1704 | D:2      | XOM: smoke on damage
  1717 | D:2      | Reached XP level 4. HP: 11/16 MP: 5/5
  1890 | D:2      | XOM: medium Tmut miscast
  2248 | D:3      | XOM: noise
  2265 | D:2      | XOM: mild Summ miscast
  2510 | D:3      | Slain by an orc
  2511 | D:3      | Reached XP level 3. HP: -2/13 MP: 4/4
  2565 | D:3      | XOM: butterfly on damage
  2834 | D:3      | XOM: butterfly on damage
  2871 | D:3      | Reached XP level 4. HP: 9/17 MP: 5/5
  3022 | D:3      | Found an iron altar of Okawaru.
  3023 | D:3      | Found an ornate altar of the Wu Jian Council.
  3193 | D:3      | XOM: butterfly on damage
  3619 | D:3      | XOM: give mutations
  3619 | D:3      | Gained mutation: You have an increased reservoir of magic.
                  | (+10% MP) [Xom's mischief]
  3619 | D:3      | Gained mutation: You sometimes yell uncontrollably at your
                  | foes. [Xom's mischief]
  3619 | D:3      | Lost mutation: Your body sometimes deteriorates upon taking
                  | damage. [Xom's mischief]
  3638 | D:3      | XOM: mild Hex miscast
  3829 | D:3      | XOM: 1-stop teleportation journey
  3915 | D:3      | XOM: harmless Tloc miscast
  3922 | D:3      | XOM: butterfly on damage
  3922 | D:3      | XOM: smoke on damage
  3922 | D:3      | Reached XP level 5. HP: 1/20 MP: 6/6
  4401 | D:3      | XOM: scenery: create altars
  4504 | D:4      | HP: 1/20 [orc priest/nerve-wracking pain (8)]
  4506 | D:4      | XOM: polymorph orc priest -> hound
  4657 | D:3      | XOM: god gift: box of beasts
  4943 | D:4      | XOM: give mutations
  4943 | D:4      | Gained mutation: You are dopey. (Int -2) [Xom's mischief]
  4943 | D:4      | Lost mutation: You are dopey. (Int -2) [Xom's mischief]
  4943 | D:4      | Gained mutation: Your spells are a little easier to cast,
                  | but a little less powerful. [Xom's mischief]
  4943 | D:4      | Gained mutation: You have a pair of small antennae on your
                  | head. [Xom's mischief]
  5023 | D:4      | XOM: 8-stop teleportation journey
  5159 | D:4      | XOM: harmless Tloc miscast
  5209 | D:4      | Reached skill level 5 in Dodging
  5353 | D:4      | XOM: draining
  5478 | D:4      | XOM: noise
  5507 | D:4      | XOM: give mutation
  5507 | D:4      | Gained mutation: Your body sometimes deteriorates upon
                  | taking damage. [Xom's mischief]
  5566 | D:4      | XOM: mild Tloc miscast
  5659 | D:4      | XOM is BORED!
  5659 | D:4      | XOM: medium Erth miscast
  5975 | D:5      | Entered Level 5 of the Dungeon
  5994 | D:5      | Noticed Pikel
  5994 | D:5      | Noticed a slave
  5994 | D:5      | Noticed a slave
  5995 | D:5      | Noticed a slave
  5995 | D:5      | Noticed a slave
  6011 | D:5      | Slain by Pikel

Skill      XL: |  1  2  3  4  5 |
---------------+----------------+-----
Stealth        | 1 3 4 |  4.3
Dodging        | 4 5 |  5.0
Fighting       | 4 |  4.3
Unarmed Combat | 4 |  4.2

Action                   |  1- 3 |  4- 6 || total
-------------------------+-------+-------++-------
Melee: Unarmed           |   162 |   177 ||   339
       Bite              |    12 |    17 ||    29
       Punch             |     1 |     3 ||     4
 Stab: Sleeping          |     7 |    10 ||    17
  Eat: Chunk             |     9 |    12 ||    21
Armor: Skin              |     6 |     5 ||    11
Dodge: Dodged            |   123 |   119 ||   242
